 Dungeon Crawl Stone Soup version 0.31.0 (webtiles) character file.

Game seed: 12097417927809855230

398 qw the Shooter (level 6, -1/39 HPs)
             Began as a Gargoyle Hunter on Jan 19, 2024.
             Slain by an ice beast (14 damage)
             ... on level 6 of the Dungeon.
             The game lasted 00:00:10 (2785 turns).

qw the Shooter (Gargoyle Hunter)                    Turns: 2785, Time: 00:00:11

Health: -1/39      AC: 10    Str: 14    XL:     6   Next: 83%
Magic:  6/6        EV: 10    Int: 10    God:
Gold:   117        SH:  0    Dex: 15    Spells: 5/5 levels left

rFire   . . .        i - +0 arbalest
rCold   . . .        (shield currently unavailable)
rNeg    + . .        f - +0 ring mail
rPois   inf          (no helmet)
rElec   +            (no cloak)
rCorr   .            h - +0 pair of gloves
SInv    .            (no boots)
Will    .....        (no amulet)
Stlth   +            (no ring)
HPRegen 0.26/turn    (no ring)
MPRegen 0.10/turn

%: no passive effects
@: no status effects
A: sickness immunity, AC +4, negative energy resistance 1, electricity
resistance, torment resistance 1, petrification resistance
a: no special abilities


You were on level 6 of the Dungeon.
You visited 1 branch of the dungeon, and saw 5 of its levels.

You collected 117 gold pieces.


Innate Abilities, Weirdness & Mutations

You are immune to sickness and miasma.
Your stone body is resilient. (AC +4)
You are immune to poison.
You resist negative energy. (rN+)
You are resistant to electric shocks. (rElec)
You are resistant to unholy torment.
You are immune to petrification.


   Skills:
 - Level 4.3 Fighting
 + Level 7.0 Ranged Weapons
 - Level 1.0 Armour
 - Level 1.5 Dodging
 - Level 1.1 Stealth


You had 5 spell levels left.
You didn't know any spells.
Your spell library was empty.

Inventory:

Hand Weapons
 i - a +0 arbalest (weapon)
Armour
 e - a +0 pair of boots
 f - a +0 ring mail (worn)
 h - a +0 pair of gloves (worn)
Wands
 c - a wand of flame (16)
Scrolls
 j - a scroll of fear {unknown}
 l - a scroll of torment {unknown}
Potions
 a - a potion of haste {unknown}
 b - a potion of brilliance {unknown}
 d - a potion of might
 g - 2 potions of enlightenment
 k - a potion of mutation {unknown}

Dungeon Overview and Level Annotations

Branches:
Dungeon (4/15)
 Temple: D:4-7

Altars:
Wu Jian

Portals:
Abyss: D:3

Annotations:
D:3 2 transporters, qw's ghost, amateur GrHu


Message History

You shoot a bolt. The bolt closely misses the orc priest.
The orc priest closely misses you. The orc priest hits you with a +0 mace.
You shoot a bolt.
The bolt hits the orc priest but does no damage.
The orc priest hits you but does no damage. x2
You shoot a bolt. The bolt hits the orc priest!
The orc priest is almost dead.
You shoot a bolt. The bolt hits the orc priest!
You kill the orc priest!
The orc hits you but does no damage.
Your Ranged Weapons skill increases to level 7!
You shoot a bolt. The bolt hits the orc!
You kill the orc!
You start resting.
HP restored.
Things that are here:
a +0 dagger; a +0 leather armour; a +0 giant club
Things that are here:
a +0 mace; a +0 trident
l - a scroll labelled RYICSI ZUOPEOG
Found a stone staircase leading down.
Found a short sword.
You now have 117 gold pieces (gained 14).
An ice beast comes into view.
You shoot a bolt.
The bolt completely misses the ice beast.
You shoot a bolt. The bolt closely misses the ice beast.
You shoot a bolt. The bolt barely misses the ice beast.
You shoot a bolt. The bolt hits the ice beast!
The ice beast is heavily wounded.
The ice beast hits you. The ice beast freezes you!
You shoot a bolt.
The bolt hits the ice beast but does no damage.
The ice beast is heavily wounded.
The ice beast hits you. The ice beast freezes you!
The ice beast hits you but does no damage.
You shoot a bolt. The bolt hits the ice beast!
The ice beast is severely wounded.
The ice beast hits you. The ice beast freezes you!
You die...

#.# ##....#
#.# ##.###.#
#.###.## #.#
#....## #.#
#....# #.#
##..## #.#
##.>## ##.###
##....##....#
#....Y@.....#
#.)..###.....#
....## ###..##
. ####


You could see an ice beast.

Vanquished Creatures
  An ogre (D:6)
  A scorpion (D:4)
  A hound (D:4)
  An orc priest (D:6)
  An orc wizard (D:6)
  4 gnolls (D:2)
  5 adders
  A dart slug (D:4)
  2 ribbon worms
  10 orcs
  3 ball pythons
  5 bats
  3 endoplasms
  4 giant cockroaches
  2 goblins
  9 hobgoblins
  6 kobolds
  2 quokkas
  6 frilled lizards
  2 rats (D:1)
69 creatures vanquished.

Notes
Turn   | Place    | Note
-------+----------+-------------------------------------------
     0 | D:1      | qw the Gargoyle Hunter began the quest for the Orb.
     0 | D:1      | Reached XP level 1. HP: 12/12 MP: 1/1
     0 | D:1      | 0 ||| qw: Version: 0.3-a-132-g3d54051
     0 | D:1      | 0 ||| qw: Game counter: 15
     0 | D:1      | 0 ||| qw: Melee chars always use a shield: true
     0 | D:1      | 0 ||| qw: God list: Okawaru
     0 | D:1      | 0 ||| qw: Allow faded altars: false
     0 | D:1      | 0 ||| qw: Do Orc after clearing Dungeon:15 true
     0 | D:1      | 0 ||| qw: Do second Lair branch before Depths: true
     0 | D:1      | 0 ||| qw: Lair rune preference: random
     0 | D:1      | 0 ||| qw: Goals: Normal
     0 | D:1      | 0 ||| PLANNING D:1-11
    83 | D:1      | Reached XP level 2. HP: 17/17 MP: 2/2
   240 | D:1      | Found a faded altar of an unknown god.
   609 | D:1      | 609 ||| UPGRADING to +0 ring mail.
   619 | D:1      | 619 ||| DROPPING +0 leather armour.
   620 | D:1      | 620 ||| READING scroll labelled VOLIRUDOKO.
   621 | D:1      | 621 ||| READING 3 scrolls labelled QELODEAMOT.
   621 | D:1      | 621 ||| IDENTIFYING murky pink potion
   622 | D:1      | 622 ||| READING 2 scrolls of identify.
   622 | D:1      | 622 ||| IDENTIFYING fuming red potion
   623 | D:1      | 623 ||| DROPPING scroll of butterflies.
   733 | D:2      | Reached skill level 1 in Armour
   733 | D:2      | Reached XP level 3. HP: 21/21 MP: 3/3
   831 | D:2      | Reached skill level 5 in Ranged Weapons
   840 | D:2      | HP: 2/22 [gnoll/+0 spear (6)]
   841 | D:2      | 841 ||| DRINKING potion of heal wounds.
   848 | D:2      | Reached XP level 4. HP: 21/27 MP: 4/4
   848 | D:2      | 848 ||| FLEEEEING.
   857 | D:2      | 857 ||| STAIRDANCE
   901 | D:2      | Reached skill level 3 in Fighting
  1240 | D:2      | 1240 ||| UPGRADING to +0 pair of gloves.
  1245 | D:2      | 1245 ||| READING 2 scrolls of identify.
  1245 | D:2      | 1245 ||| IDENTIFYING viscous clear potion
  1246 | D:2      | 1246 ||| READING scroll of identify.
  1246 | D:2      | 1246 ||| IDENTIFYING scroll labelled CUDE XULIL
  1247 | D:2      | 1247 ||| READING scroll labelled TOL VETWAQ.
  1248 | D:2      | 1248 ||| DROPPING scroll of amnesia.
  1249 | D:2      | 1249 ||| DROPPING potion of degeneration.
  1455 | D:3      | Noticed a small abomination
  1465 | D:3      | Noticed a small abomination
  1684 | D:3      | Found a transporter.
  1688 | D:3      | Found a transporter.
  1732 | D:3      | Found a one-way gate to the infinite horrors of the Abyss.
  1732 | D:3      | Noticed a small abomination
  1732 | D:3      | Noticed qw's ghost (amateur GrHu)
  1744 | D:3      | Noticed a small abomination
  1963 | D:3      | 1963 ||| DRINKING 2 fuming pink potions.
  1985 | D:4      | 1985 ||| STAIRDANCE
  1992 | D:4      | 1992 ||| STAIRDANCE
  2022 | D:4      | Reached XP level 5. HP: 30/32 MP: 5/5
  2091 | D:4      | 2091 ||| SWAPPING to +0 arbalest.
  2092 | D:4      | 2092 ||| DROPPING +0 shortbow.
  2118 | D:4      | Reached skill level 6 in Ranged Weapons
  2200 | D:4      | 2200 ||| FLEEEEING.
  2344 | D:4      | Reached XP level 6. HP: 26/39 MP: 6/6
  2344 | D:4      | 2344 ||| FLEEEEING.
  2539 | D:4      | Found an ornate altar of the Wu Jian Council.
  2579 | D:4      | You fall into a shaft and drop 2 floors!
  2652 | D:6      | Reached skill level 7 in Ranged Weapons
  2779 | D:6      | Noticed an ice beast
  2785 | D:6      | Slain by an ice beast

Levels and vault maps discovered:
D:1:      minmay_arrival_semitransparent, layout_loops_ring,
          shapermc_ecumenical_altar_venn, minmay_misc_feat_secret_circle
D:2:      layout_loops_ring, st_stairs_2
D:3:      layout_basic, gammafunk_ghost_abyssal_escape
D:4:      layout_loops_ring, nicolae_wu_jian_glorious_leap
D:6:      layout_layer_cave, jmf_multi_god_temple2

Skill      XL: |  1  2  3  4  5  6 |
---------------+-------------------+-----
Armour         | 1 |  1.0
Ranged Weapons | 5 6 7 |  7.0
Fighting       | 3 4 |  4.3
Dodging        | |  1.5
Stealth        | |  1.1

Action                     |  1- 3 |  4- 6 || total
---------------------------+-------+-------++-------
   Fire: Shortbow          |    97 |    89 ||   186
         Arbalest          |       |    62 ||    62
    Use: Scroll            |     3 |     3 ||     6
         Potion            |     1 |     1 ||     2
 Armour: Leather armour    |    15 |       ||    15
         Ring mail         |    18 |    90 ||   108
  Dodge: Dodged            |    28 |    63 ||    91

Table legend:
 A = Non-vault XP
 B = Vault XP
 C = Vault XP percentage of total XP
 D = Non-vault monster count
 E = Vault monster count
 F = Vault count percentage of total count
                 A         B        C        D         E       F
            +---------+---------+-------+---------+---------+-------
      Total |     554 |      15 |   2.6 |      67 |       2 |   2.9
            +---------+---------+-------+---------+---------+-------
        D:1 |      25 |       0 |   0.0 |      15 |       0 |   0.0
        D:2 |     104 |      15 |  12.6 |      18 |       2 |  10.0
        D:3 |      16 |       0 |   0.0 |       8 |       0 |   0.0
        D:4 |     178 |       0 |   0.0 |      19 |       0 |   0.0
        D:6 |     231 |       0 |   0.0 |       7 |       0 |   0.0
            +---------+---------+-------+---------+---------+-------
